 Dungeon Crawl Stone Soup version 0.27-a0-1191-g601b473118 (webtiles) character file.

Game seed: 5727398746908432660

11538 polve the Covert (level 11, -3/62 HPs)
             Began as a Vine Stalker Fighter on May 23, 2021.
             Was an Elder of Uskayaw.
             Succumbed to a cane toad's poison
             ... on level 1 of the Lair of Beasts on May 24, 2021.
             The game lasted 00:20:10 (10898 turns).

polve the Covert (Vine Stalker Fighter)            Turns: 10898, Time: 00:20:10

Health: -3/62      AC: 14    Str: 19    XL:     11   Next: 79%
Magic:  0/16       EV:  6    Int:  8    God:    Uskayaw [****..]
Gold:   624        SH: 11    Dex: 17    Spells: 10/10 levels left

rFire    . . .     SeeInvis .   b - +2 dagger (venom)
rCold    . . .     Faith    +   c - +0 kite shield
rNeg     . . .     Spirit   +   v - +0 chain mail
rPois    .         Reflect  .   (no helmet)
rElec    .         Harm     .   L - +2 cloak {rCorr}
rCorr    +         Rampage  .   o - +0 pair of gloves
Will     +....                  K - +0 pair of boots
Stlth    ++........             C - amulet of faith
HPRegen  1.20/turn              (no ring)
MPRegen  0.15/turn              (no ring)

@: lethally poisoned (-3 -> -17), flying
A: fangs 3, regeneration 1, magic shield, antimagic bite, no potion heal 2
a: Renounce Religion, Stomp, Line Pass


You were on level 1 of the Lair of Beasts.
You worshipped Uskayaw.
Uskayaw was noncommittal.
You visited 3 branches of the dungeon, and saw 11 of its levels.

You collected 624 gold pieces.

Inventory:

Hand Weapons
 a - a +2 dagger of pain
 b - a +2 dagger of venom (weapon)
 M - a +3 scimitar of flaming
Missiles
 f - 2 throwing nets
 l - 6 curare-tipped darts
 J - 3 boomerangs of dispersal
Armour
 c - a +0 kite shield (worn)
 o - a +0 pair of gloves (worn)
 v - a +0 chain mail (worn)
 K - a +0 pair of boots (worn)
 L - a +2 cloak of preservation (worn)
Jewellery
 C - an amulet of faith (around neck)
Wands
 B - a wand of iceblast (4)
 G - a wand of paralysis (1)
 H - a wand of mindburst (13)
Scrolls
 h - 4 scrolls of teleportation {unknown}
 j - 3 scrolls of blinking {unknown}
 k - 4 scrolls of magic mapping {unknown}
 n - a scroll of amnesia {unknown}
 p - 3 scrolls of fear {unknown}
 r - a scroll of enchant armour {unknown}
 u - 5 scrolls of identify {unknown}
 w - a scroll of noise {unknown}
 x - 2 scrolls of summoning {unknown}
 y - 2 scrolls of immolation {unknown}
 z - a scroll of fog {unknown}
 A - 2 scrolls of holy word {unknown}
 D - a scroll of enchant weapon {unknown}
Potions
 d - 6 potions of might
 e - 2 potions of flight
 g - 2 potions of ambrosia {unknown}
 i - 3 potions of brilliance {unknown}
 m - a potion of haste {unknown}
 q - a potion of attraction {unknown}
 s - a potion of curing {unknown}
 t - a potion of lignification {unknown}
 E - 2 potions of heal wounds {unknown}
 I - a potion of cancellation {unknown}


   Skills:
 + Level 9.2 Fighting
 - Level 8.0 Short Blades
 - Level 4.0 Armour
 - Level 10.0 Stealth
 - Level 8.1 Shields
 - Level 6.0 Invocations


You had 10 spell levels left.
You didn't know any spells.
Your spell library contained the following spells:

 Spells                   Type           Power      Damage    Failure   Level
 Animate Skeleton         Necr           0%         N/A       100%        1
 Apportation              Tloc           0%         N/A       100%        1
 Beastly Appendage        Tmut           0%         N/A       100%        1
 Corona                   Hex            0%         N/A       100%        1
 Magic Dart               Conj           0%         1d3       100%        1
 Shock                    Conj/Air       0%         1d3       100%        1
 Summon Small Mammal      Summ           0%         N/A       100%        1
 Searing Ray              Conj           0%         3d3       100%        2
 Static Discharge         Conj/Air       0%         N/A       100%        2
 Wereblood                Tmut           0%         N/A       100%        2
 Dazzling Flash           Conj/Hex       0%         N/A       100%        3
 Spider Form              Tmut/Pois      0%         N/A       100%        3
 Swiftness                Air            0%         N/A       100%        3
 Airstrike                Air            0%         N/A       100%        4
 Fulminant Prism          Conj/Hex       0%         3d6       100%        4
 Ice Form                 Ice/Tmut       0%         N/A       100%        4
 Iskenderun's Mystic Bla  Conj/Tloc      0%         2d3       100%        4
 Hydra Form               Tmut           0%         N/A       100%        5
 Lightning Bolt           Conj/Air       0%         1d11      100%        5


Dungeon Overview and Level Annotations

Branches:
Dungeon (9/15)             Temple (1/1) D:5            Lair (1/6) D:9
    Orc (0/2) D:9

Altars:
Ashenzari
Cheibriados
Dithmenos
Elyvilon
Fedhas
Gozag
Hepliaklqana
Kikubaaqudgha
Makhleb
Nemelex Xobeh
Okawaru
Qazlal
Ru
Sif Muna
Trog
Uskayaw
Vehumet
Wu Jian
Xom
Yredelemnul
Zin
The Shining One

Shops:
D:2 =   D:3 ?   D:6 :


Innate Abilities, Weirdness & Mutations

You have razor-sharp teeth.
Your natural rate of healing is unusually fast.
When hurt, damage is shared between your health and your magic reserves.
Your bite disrupts and absorbs the magic of your enemies.
Potions cannot restore your health.


Message History

The cane toad is no longer paralysed.
The yak is no longer paralysed. x2
The yak gores you but does no damage. You block the yak's attack.
Training target 8.0 for Short Blades reached!
Your Short Blades skill increases to level 8!
Your shield prevents you from hitting the cane toad.
The cane toad completely misses you. You block the yak's attack.
You stomp with the beat, sending a shockwave through the revellers around you!
The cane toad is moderately wounded.
The yak is severely wounded.
The yak is almost dead. x3
You kill the yak!
The yak is no longer paralysed. x3; The yak barely misses you.
The cane toad stings you but does no damage.
The yak gores you!
* * * LOW HITPOINT WARNING * * *
You block the yak's attack. The yak gores you but does no damage.
Uskayaw will force your foes to helplessly watch your dance.
You hit the cane toad. Your bite misses the cane toad.
The cane toad is heavily wounded.
The yak gores you.
* * * LOW HITPOINT WARNING * * *
You block the cane toad's attack.
You hit the cane toad. You bite the cane toad! You drain its power.
You feel invigorated.
The cane toad is severely wounded.
The yak looks more healthy.
You block the yak's attack. x2; The yak gores you.
* * * LOW HITPOINT WARNING * * *
The yak gores you.
* * * LOW HITPOINT WARNING * * *
The cane toad stings you!
* * * LOW HITPOINT WARNING * * *
You are lethally poisoned!
The cane toad poisons you!
Uskayaw will force your foes to share their pain.
Uskayaw links your audience in an emotional bond!
Okay, then.
It was a potion of flight.
You feel very buoyant.
You fly up into the air.
You die...

.#
######..##
#.YY.....#
#.@F.....#
#†YY......
#........#
#.........
.........#
######.####
##


You could see 4 yaks and a cane toad (pain bonded).

Vanquished Creatures
  Gastronok (D:8)
  A boulder beetle (D:8)
  Erica (D:8)
  2 cyclopes (D:8)
  Psyche (D:9)
  2 hornets (D:9)
  Sigmund (D:3)
  A wyvern (D:9)
  2 shadows (D:8)
  4 basilisks (D:9)
  8 yaks
  Grum (D:9)
  A warg (D:9)
  An acid dragon (D:9)
  2 water moccasins
  2 black bears
  3 orc warriors (D:9)
  4 necrophages
  8 centaurs
  An ogre (D:7)
  2 wolves (D:9)
  2 phantoms
  2 kobold brigands
  2 gnoll sergeants
  A scorpion (D:5)
  2 bullfrogs
  A wyvern zombie (D:5)
  6 killer bees (D:9)
  8 wights
  A howler monkey (D:8)
  A centaur zombie (D:8)
  A hound (D:5)
  Crazy Yiuf (D:7)
  A bullfrog skeleton (D:5)
  10 orc priests
  2 centaur skeletons (D:7)
  2 jellies (D:6)
  An iguana (D:5)
  15 orc wizards
  2 killer bee zombies (D:8)
  A mummy (D:5)
  6 adders
  10 gnolls
  A shadow imp (D:7)
  A white imp (D:7)
  An ufetubus (D:5)
  An adder skeleton (D:4)
  2 worms
  A dart slug (D:3)
  39 orcs
  7 ball pythons
  8 endoplasms
  3 giant cockroaches
  8 goblins
  5 hobgoblins
  2 jackals (D:2)
  22 kobolds
  7 quokkas
  10 bats
  6 frilled lizards
  2 orc zombies (D:5)
  12 rats
265 creatures vanquished.

Vanquished Creatures (others)
  A fungus (Lair:1)
1 creature vanquished.

Grand Total: 266 creatures vanquished

Notes
Turn   | Place    | Note
-------+----------+-------------------------------------------
     0 | D:1      | polve the Vine Stalker Fighter began the quest for the Orb.
     0 | D:1      | Reached XP level 1. HP: 11/11 MP: 2/2
   332 | D:1      | Reached XP level 2. HP: 16/16 MP: 3/3
   381 | D:1      | Found a faded altar of an unknown god.
   742 | D:1      | Reached XP level 3. HP: 19/19 MP: 4/4
  1597 | D:2      | Gained mutation: Your natural rate of healing is unusually
                  | fast. [Vine Stalker growth]
  1597 | D:2      | Reached XP level 4. HP: 8/23 MP: 2/5
  1940 | D:2      | Found Cyhaeb's Jewellery Shoppe.
  2297 | D:3      | Reached XP level 5. HP: 27/27 MP: 6/6
  2367 | D:3      | Found a stormy altar of Qazlal.
  2384 | D:3      | Noticed Sigmund
  2386 | D:3      | Found Orghoche's Magic Scroll Emporium.
  2434 | D:3      | Killed Sigmund
  2435 | D:3      | Reached skill level 5 in Shields
  2435 | D:3      | Reached XP level 6. HP: 20/32 MP: 1/7
  2566 | D:3      | Reached XP level 7. HP: 5/37 MP: 3/8
  3039 | D:4      | You fall into a shaft and drop 1 floor!
  3039 | D:5      | Entered Level 5 of the Dungeon
  3067 | D:5      | Reached skill level 5 in Fighting
  3585 | D:5      | Found a staircase to the Ecumenical Temple.
  3599 | D:5      | Gained mutation: You have razor-sharp teeth. [Vine Stalker
                  | growth]
  3599 | D:5      | Reached XP level 8. HP: 39/44 MP: 6/9
  3607 | Temple   | Entered the Ecumenical Temple
  3633 | Temple   | Became a worshipper of Uskayaw the Reveller
  3914 | D:5      | Reached * piety under Uskayaw
  4030 | D:5      | Reached ** piety under Uskayaw
  5226 | D:4      | Reached skill level 1 in Invocations
  5897 | D:6      | Reached *** piety under Uskayaw
  5899 | D:6      | Reached **** piety under Uskayaw
  6409 | D:6      | Found Potut's Book Shoppe.
  6630 | D:7      | Reached skill level 5 in Invocations
  6639 | D:7      | Reached XP level 9. HP: 37/48 MP: 14/14
  6784 | D:7      | Paralysed by an orc priest for 6 turns
  6804 | D:7      | Reached skill level 1 in Stealth
  7028 | D:7      | Found a runed translucent door.
  7029 | D:7      | Noticed Crazy Yiuf
  7152 | D:7      | Reached skill level 2 in Stealth
  7305 | D:7      | Reached skill level 3 in Stealth
  7539 | D:7      | Reached skill level 4 in Stealth
  7576 | D:7      | Reached skill level 5 in Stealth
  7848 | D:7      | Reached skill level 6 in Stealth
  7919 | D:7      | Reached skill level 7 in Stealth
  8084 | D:7      | Killed Crazy Yiuf
  8213 | D:8      | Noticed Gastronok
  8241 | D:8      | Killed Gastronok
  8242 | D:8      | Reached skill level 10 in Stealth
  8242 | D:8      | Reached XP level 10. HP: 17/53 MP: 6/15
  8462 | D:8      | Noticed a cyclops
  8492 | D:8      | Killed a cyclops
  8937 | D:8      | Reached ***** piety under Uskayaw
  9008 | D:8      | Noticed a cyclops
  9041 | D:8      | Killed a cyclops
  9042 | D:8      | Reached skill level 5 in Short Blades
  9100 | D:8      | Noticed a boulder beetle
  9335 | D:8      | Killed a boulder beetle
  9336 | D:8      | Reached XP level 11. HP: 42/58 MP: 3/16
  9614 | D:8      | Noticed Erica
  9627 | D:8      | Killed Erica
 10215 | D:9      | Found a staircase to the Orcish Mines.
 10215 | D:9      | Noticed Psyche
 10238 | D:9      | Killed Psyche
 10333 | D:9      | Paralysed by a hornet for 1 turns
 10621 | D:9      | Noticed Grum
 10637 | D:9      | Killed Grum
 10773 | D:9      | Found a staircase to the Lair.
 10876 | Lair:1   | Entered Level 1 of the Lair of Beasts
 10897 | Lair:1   | HP: 2/62 [cane toad (6)]
 10898 | Lair:1   | Succumbed to a cane toad's poison

Illustrated notes

Levels and vault maps discovered:
D:1:      shiori_angband_town, layout_rooms, ebering_ecumenical_altar_rust,
          minmay_misc_feat_five, minivault_19
D:2:      layout_basic, serial_shops, shop, minmay_pentomino_w2
D:3:      layout_basic, nicolae_qazlal_general_emergency, serial_shops,
          shop_statue, st_stairs_1, uniq_sigmund
D:4:      layout_loops_ring, gup_sewer_entry_bubbles
D:5:      layout_basic, minmay_temple_entry_statues_pillars,
          serial_co_window_serial, co_window_corner_a, co_window_corner_a,
          co_window_paths_b, co_window_paths_a, co_window_paths_a,
          co_window_paths_c, co_window_broadway_b, co_window_corner_b,
          co_window_broadway_b, co_window_2corner, co_window_corner_b,
          co_window_4corner_a, co_window_4corner_b, glass_columns_a,
          glass_columns_b, glass_columns_c, glass_columns_a,
          nicolae_ossuary_entry_giza
D:6:      layout_loops_corners, serial_shops, kennysheep_little_box
D:7:      kb_forest_paths, layout_layer_cave, uniq_crazy_yiuf_cottage
D:8:      layout_loops_ring, minmay_misc_feat_alley, nzn_random_ring,
          uniq_erica, uniq_gastronok
D:9:      layout_stronghold, erik_lair_dragon, david_orc_3, uniq_grum,
          uniq_psyche
Temple:   roderic_octagonal_lattice_temple
Lair:1:   layout_roguey, nicolae_quartered_pool_little,
          minmay_lair_oklob_chamber

Skill      XL: |  1  2  3  4  5  6  7  8  9 10 11 |
---------------+----------------------------------+-----
Short Blades   | 2 3 4 6 8 |  8.0
Shields        | 3 5 7 8 |  8.1
Fighting       | 3 6 7 9 |  9.2
Armour         | 4 |  4.0
Invocations    | 5 6 |  6.0
Stealth        | 10 | 10.0

Action                   |  1- 3 |  4- 6 |  7- 9 | 10-12 || total
-------------------------+-------+-------+-------+-------++-------
Melee: Rapier            |    18 |       |   121 |    25 ||   164
       Bite              |    31 |    40 |   161 |   159 ||   391
       Dagger            |    82 |   118 |   297 |   357 ||   854
       Short sword       |       |       |    10 |       ||    10
Invok: Stomp             |       |       |     1 |    10 ||    11
Evoke: Wand              |       |       |       |     1 ||     1
  Use: Potion            |       |       |       |     1 ||     1
 Stab: Paralysed         |       |       |     8 |    18 ||    26
Armor: Scale mail        |    33 |    29 |    10 |       ||    72
       Chain mail        |       |       |   206 |   153 ||   359
Dodge: Dodged            |    29 |    23 |    75 |    96 ||   223
Block: Kite shield       |    39 |    36 |   198 |   223 ||   496

Table legend: (Time is in decaauts)
 A = Elapsed time spent in this place.
 B = Non-inter-level travel time spent in this place.
 C = Inter-level travel time spent in this place.
 D = Time resting spent in this place.
 E = Time spent auto-exploring this place.
 F = Levels seen in this place.
 G = Mean time per level.
                   A        B        C        D        E       F      G
               +--------+--------+--------+--------+--------+-----+--------+
         Total |  10913 |  10303 |    610 |      0 |   8268 |  11 |  992.1 |
       Dungeon |  10603 |  10015 |    588 |      0 |   8009 |   9 | 1178.1 |
        Temple |    292 |    270 |     22 |      0 |    259 |   1 |  292.0 |
          Lair |     17 |     17 |      0 |      0 |      0 |   1 |   17.0 |
               +--------+--------+--------+--------+--------+-----+--------+

Top non-repeatable levels by time:
     D:7: 1724 daAuts
     D:5: 1657 daAuts
     D:8: 1320 daAuts
     D:2: 1218 daAuts
     D:9: 1205 daAuts
     D:1: 1084 daAuts
     D:6: 860 daAuts
     D:4: 781 daAuts
     D:3: 750 daAuts
  Temple: 292 daAuts
  Lair:1: 17 daAuts
